AoeStats
← Haathum

Arena

505851307Analyzed
1v1 RM · 20d ago on Sep 11, 2026· 34m 12s· 2 players
Game mode
Random Map
Map size
Tiny (2 player)
Population
200
Speed
Normal
Resources
Standard
Victory
Conquest
Starting age
Dark Age
Ending age
Imperial Age
RankedLock teamsTeams togetherTeam positionsShared explorationLock speedFull tech treeHidden civsTurbo modeCheats
Victory
Defeat
🇨🇭 Burgundians · Switzerland
1251
+14
🇩🇪 Bohemians · Germany
1215
-14
venOm
10:26 Feudal Age
14:11 Castle Age
12:29 Double-Bit Axe
19:38 Fervor
20:25 Bow Saw
23:38 Horse Collar
25:31 Chemistry
25:46 Heavy Plow
26:26 Wheelbarrow
26:35 Fletching
30:51 Imperial Age
29:24 Loom
29:54 Hand Cart
30:02 Padded Archer Armor
Haathum
5:49 Double-Bit Axe
7:25 Horse Collar
12:51 Feudal Age
13:58 Bow Saw
16:27 Castle Age
16:23 Heavy Plow
16:30 Light Cavalry
22:06 Wheelbarrow
21:17 Loom
24:45 Hand Cart
29:05 Imperial Age
26:57 Stone Mining
26:58 Gold Mining
27:56 Forging
27:52 Scale Barding Armor
28:07 Husbandry
27:28 Cavalier
28:58 Hand Cart
28:28 Town Watch
29:45 Chain Barding Armor
30:00 Iron Casting
30:58 Chemistry
32:38 Plate Barding Armor
33:54 Paladin
Connection lost

Rejoining the realm…

Still unreachable

The connection could not be restored.

Session expired

The server has moved on; the page needs a fresh start.